 Dungeon Crawl Stone Soup version 0.30-a0-857-gcaf70739d4 (webtiles) character file.

Game seed: 4359028916685601779

884 greenreed the Cudgeller (level 7, -2/63 HPs)
             Began as a Minotaur Fighter on Mar 5, 2023.
             Slain by Edmund
             ... wielding a +2 flail of venom
              (3 damage)
             ... on level 5 of the Dungeon.
             The game lasted 00:07:16 (3584 turns).

greenreed the Cudgeller (Minotaur Fighter)          Turns: 3584, Time: 00:07:17

Health: -2/63      AC: 11    Str: 23    XL:     7   Next: 76%
Magic:  6/6        EV: 10    Int:  5    God:
Gold:   190        SH:  9    Dex:  9    Spells: 6/6 levels left

rFire   . . .      SeeInvis .    u - +2 whip (vamp)
rCold   + . .      Faith    .    c - +0 buckler
rNeg    . . .      Spirit   .    B - +0 ring mail {rC+}
rPois   .          Reflect  +    (helmet restricted)
rElec   .          Rampage  .    (no cloak)
rCorr   .                        w - +0 pair of gloves
Will    .....                    (no boots) Stlth
                                 D - amulet of reflection
HPRegen 0.30/turn                l - +4 ring of protection
MPRegen 0.10/turn                (no ring)

@: brilliant, lethally poisoned (-2 -> -26)
A: horns 2, retaliatory headbutt
a: no special abilities


You were on level 5 of the Dungeon.
You visited 1 branch of the dungeon, and saw 5 of its levels.

You collected 190 gold pieces.

Inventory:

Hand Weapons
 a - a +0 flail
 i - a +0 sling of electrocution
 u - a +2 vampiric whip (weapon)
Armour
 c - a +0 buckler (worn)
 w - a +0 pair of gloves (worn)
 B - a +0 ring mail of cold resistance (worn)
Jewellery
 l - a +4 ring of protection (left hand)
 D - an amulet of reflection (around neck)
Scrolls
 e - 5 scrolls of identify {unknown}
 g - a scroll of fog {unknown}
 h - 2 scrolls of magic mapping {unknown}
 m - a scroll of blinking {unknown}
 n - 2 scrolls of amnesia {unknown}
 p - 4 scrolls of teleportation {unknown}
 q - a scroll of immolation {unknown}
 s - a scroll of acquirement {unknown}
 t - a scroll of noise {unknown}
 v - a scroll of enchant weapon {unknown}
 x - a scroll of poison {unknown}
 y - a scroll of brand weapon {unknown}
Potions
 d - a potion of might
 f - a potion of curing {unknown}
 j - 2 potions of heal wounds {unknown}
 k - 2 potions of mutation {unknown}
 o - a potion of resistance {unknown}
 r - a potion of flight {unknown}
 z - 2 potions of invisibility {unknown}
 A - 3 potions of attraction {unknown}
 C - a potion of lignification {unknown}


   Skills:
 * Level 6.1 Fighting
 * Level 7.6 Maces & Flails
 + Level 5.5 Armour
 + Level 2.1 Dodging
 + Level 0.3 Stealth
 + Level 4.6 Shields


You had 6 spell levels left.
You didn't know any spells.
Your spell library contained the following spells:

 Spells                   Type           Power      Damage    Failure   Level
 Apportation              Tloc           0%         N/A       71%         1
 Necrotise                Necr           0%         1d4       71%         1
 Summon Small Mammal      Summ           0%         N/A       71%         1
 Ozocubu's Armour         Ice            0%         N/A       97%         3
 Vampiric Draining        Necr           0%         2d6       97%         3
 Agony                    Necr           0%         N/A       100%        5
 Ozocubu's Refrigeration  Ice            0%         4d7       100%        7


Dungeon Overview and Level Annotations

Branches:
Dungeon (5/15)
 Temple: D:4-7

Altars:
Qazlal
Yredelemnul

Shops:
D:1 :

Portals:
Abyss: D:3

Annotations:
D:3 2 transporters, cforsyth's ghost, amateur DEEE
D:5 Edmund


Innate Abilities, Weirdness & Mutations

You have a pair of horns on your head.
You reflexively headbutt those who attack you in melee.


Message History

You hit Edmund.
You feel better.
Edmund is heavily wounded.
Edmund hits you with a +2 flail of venom.
You are poisoned.
You hit Edmund but do no damage.
Edmund is heavily wounded.
You feel sick.
Edmund hits you with a +2 flail of venom.
You are more poisoned.
You hit Edmund. You headbutt Edmund, but do no damage.
Edmund is severely wounded.
You feel very sick.
Edmund hits you with a +2 flail of venom!
You are more poisoned.
You hit Edmund but do no damage.
Edmund is severely wounded.
You feel very sick.
You barely miss Edmund.
Edmund is severely wounded.
You feel very sick.
Edmund hits you with a +2 flail of venom.
You are more poisoned.
You are too injured to fight recklessly!
You closely miss Edmund. You headbutt Edmund!
Edmund is almost dead.
You feel very sick. Edmund barely misses you.
You closely miss Edmund. You headbutt Edmund.
Edmund is almost dead.
You feel very sick.
Edmund hits you with a +2 flail of venom!
* * * LOW HITPOINT WARNING * * *
You are more poisoned.
It was a potion of brilliance.
You feel clever all of a sudden.
* * * LOW HITPOINT WARNING * * *
You feel extremely sick.
Edmund mutters, "Who needs spells, anyway?"
Edmund hits you with a +2 flail of venom.
You die...

#...# #. #####
#. #.## #<## #
### ##.##.# ..#
##...#
#.###.####
###@#.##
#...@##
...............
#......<.######
####.###.# #.
.# # .# .# .#


You could see Edmund.

Vanquished Creatures
  Sigmund (D:2)
  Menkaure (D:5)
  A black bear (D:5)
  A centaur (D:5)
  A scorpion (D:5)
  A wyvern zombie (D:5)
  A bullfrog zombie (D:5)
  2 orc priests
  A sleepcap (D:4)
  10 adders
  An ufetubus (D:4)
  A dart slug (D:2)
  12 orcs
  9 endoplasms
  3 giant cockroaches
  6 goblins
  14 hobgoblins
  4 quokkas
  3 ball pythons
  4 bats
  2 frilled lizards (D:1)
  3 kobolds
  4 rats
86 creatures vanquished.

Notes
Turn   | Place    | Note
-------+----------+-------------------------------------------
     0 | D:1      | greenreed the Minotaur Fighter began the quest for the Orb.
     0 | D:1      | Reached XP level 1. HP: 19/19 MP: 0/0
   133 | D:1      | Reached XP level 2. HP: 27/27 MP: 1/1
   320 | D:1      | Found Buph's Book Shop.
   794 | D:2      | Reached XP level 3. HP: 32/33 MP: 2/2
   850 | D:2      | Reached skill level 3 in Maces & Flails
   974 | D:2      | Noticed Sigmund
  1053 | D:2      | Killed Sigmund
  1054 | D:2      | Reached skill level 5 in Maces & Flails
  1054 | D:2      | Reached XP level 4. HP: 28/41 MP: 3/3
  1054 | D:2      | Reached XP level 5. HP: 32/47 MP: 4/4
  1375 | D:3      | Reached skill level 5 in Fighting
  1440 | D:3      | Reached XP level 6. HP: 55/56 MP: 5/5
  1553 | D:3      | Found a transporter.
  1558 | D:3      | Found a one-way gate to the infinite horrors of the Abyss.
  1558 | D:3      | Noticed cforsyth's ghost (amateur DEEE)
  1581 | D:3      | Reached skill level 1 in Dodging
  1806 | D:3      | Identified the +1 robe "Fecypt" {Will+ rCorr Str+3 Dex-3}
  1853 | D:3      | Found a transporter.
  1894 | D:3      | You fall into a shaft and drop 2 floors!
  1894 | D:5      | Entered Level 5 of the Dungeon
  1909 | D:5      | Reached skill level 6 in Maces & Flails
  2031 | D:5      | Noticed Menkaure
  2040 | D:5      | Killed Menkaure
  2041 | D:5      | Reached XP level 7. HP: 8/62 MP: 6/6
  2244 | D:5      | Reached skill level 5 in Armour
  2312 | D:5      | Reached skill level 7 in Maces & Flails
  2334 | D:5      | Found a basalt altar of Yredelemnul.
  3094 | D:4      | Found a stormy altar of Qazlal.
  3573 | D:5      | Noticed Edmund
  3584 | D:5      | HP: 1/63 [poisoned by Edmund]
  3584 | D:5      | Slain by Edmund

Illustrated notes

Levels and vault maps discovered:
D:1:      mushboom_english_gardens, layout_basic, serial_shops,
          nicolae_shop_trees
D:2:      layout_basic, uniq_sigmund
D:3:      layout_basic, gammafunk_ghost_abyssal_escape
D:4:      nicolae_cairo_tiling, layout_basic, lemuel_round_altar
D:5:      minmay_bubble_buster, layout_loops_ring,
          lemuel_zombie_altar_yredelemnul, uniq_menkaure, uniq_edmund

Skill      XL: |  1  2  3  4  5  6  7 |
---------------+----------------------+-----
Fighting       | 4 5 6 |  6.1
Armour         | 4 5 |  5.5
Shields        | 4 |  4.6
Maces & Flails | 5 6 7 |  7.6
Dodging        | 1 2 |  2.1
Stealth        | |  0.3

Action                     |  1- 3 |  4- 6 |  7- 9 || total
---------------------------+-------+-------+-------++-------
  Melee: Flail             |    66 |    40 |       ||   106
         Headbutt          |     7 |    13 |    16 ||    36
         Whip              |       |    49 |    86 ||   135
    Use: Potion            |       |       |     1 ||     1
 Armour: Scale mail        |    25 |    43 |    17 ||    85
         Ring mail         |       |       |     4 ||     4
  Dodge: Dodged            |    28 |    36 |    29 ||    93
  Block: Buckler           |    11 |    17 |    19 ||    47
         Reflection        |       |       |     3 ||     3

Table legend: (Time is in decaauts)
 A = Elapsed time spent in this place.
 B = Non-inter-level travel time spent in this place.
 C = Inter-level travel time spent in this place.
 D = Time resting spent in this place.
 E = Time spent auto-exploring this place.
 F = Levels seen in this place.
 G = Mean time per level.
                   A        B        C        D        E       F      G
               +--------+--------+--------+--------+--------+-----+--------+
         Total |   3584 |   3454 |    130 |      0 |   2800 |   5 |  716.8 |
       Dungeon |   3584 |   3454 |    130 |      0 |   2800 |   5 |  716.8 |
               +--------+--------+--------+--------+--------+-----+--------+

Top non-repeatable levels by time:
     D:4: 905 daAuts
     D:3: 833 daAuts
     D:1: 714 daAuts
     D:5: 590 daAuts
     D:2: 540 daAuts
